[Event "1st FIDE Olympiad DIS 2023"]
[Site "Belgrade"]
[Date "2023.02.03"]
[Round "5.17"]
[White "Bozinovic, Bogdan"]
[Black "Sahin, Handenur"]
[Result "1/2-1/2"]
[ECO "D24"]
[WhiteElo "2131"]
[BlackElo "1915"]
[Annotator "TA"]
[PlyCount "46"]
[EventDate "2023.01.30"]
[EventType "team-tourn"]
[EventCountry "SRB"]
[SourceTitle "playchess.com"]
[Source "ChessBase"]
[SourceQuality "1"]
[WhiteTeam "Croatia"]
[BlackTeam "Turkey"]
[WhiteTeamCountry "CRO"]
[BlackTeamCountry "TUR"]
[TimeControl "40/5400+30:1800+30"]

1. d4 d5 2. c4 dxc4 3. Nf3 Nf6 4. Nc3 a6 5. e4 b5 6. e5 Nd5 7. a4 e6 8. axb5 Bb4 {[%emt 0:01:53] seems to push 8...Nb6 aside. D24: Queen's Gambit Accepted: 3 Nf3 Nf6 4 Nc3.} 9. Bd2 (9. Bxc4 Nxc3 10. bxc3 Bxc3+ 11. Bd2 Bxa1 12. Qxa1 Bb7 $17) 9... Nb6 10. bxa6 Nxa6 11. Be2 Bb7 12. O-O O-O {[%emt 0:07:49] [#]} 13. Qc2 $146 ({Predecessor:} 13. Na4 c5 14. dxc5 Bxc5 15. Nxc5 Nxc5 16. Be3 Nd3 17. Rxa8 Bxa8 18. b3 Bxf3 19. Bxf3 {½-½ Mamedyarov,S (2762)-Kasimdzhanov,R (2691) Amir Timur 680 rapid 2016 (2)}) 13... Be7 14. Ne4 Qd5 15. Neg5 Bxg5 16. Bxg5 Nb4 17. Qd2 Nc6 18. Rfc1 Na5 {[%emt 0:03:33] [#] Threatens to win with ...Nb3.} 19. Qb4 (19. Bd1 $1 $15) 19... Nc6 (19... Nb3 $17 20. Rxa8 (20. Bxc4 $2 {too greedy.} Qxc4 21. Qxc4 Nxc4 $19) 20... Rxa8) 20. Qc3 {[%emt 0:02:45] The position is equal.} h6 21. Be3 (21. Bxc4 $2 {is the wrong capture.} Qxc4 22. Rxa8 Rxa8 $19) 21... Rxa1 22. Rxa1 Rd8 23. Rc1 Na5 {[%emt 0:00:08] Weighted Error Value: White=0.14 (very precise) /Black=0.16 (very precise)} 1/2-1/2

[Event "1st FIDE Olympiad DIS 2023"]
[Site "Belgrade"]
[Date "2023.02.03"]
[Round "5.18"]
[White "Syed Ejaz Husain"]
[Black "Obodchuk, Andrei"]
[Result "0-1"]
[ECO "A08"]
[WhiteElo "1952"]
[BlackElo "2317"]
[Annotator "TA"]
[PlyCount "134"]
[EventDate "2023.01.30"]
[EventType "team-tourn"]
[EventCountry "SRB"]
[SourceTitle "playchess.com"]
[Source "ChessBase"]
[SourceQuality "1"]
[WhiteTeam "Bangladesh"]
[BlackTeam "FIDE"]
[TimeControl "40/5400+30:1800+30"]

1. e4 c5 2. Nf3 e6 3. d3 Nc6 4. g3 d5 5. Nbd2 g6 6. Bg2 Bg7 7. O-O Nf6 8. Re1 O-O 9. c3 e5 {[%emt 0:11:24] A08: King's Indian Attack.} 10. Qc2 b6 11. Nf1 {[%emt 0:03:56] [#]} (11. a4 $11) 11... h6 $146 {[%emt 0:00:39] Black is slightly better.} ({Predecessor:} 11... Bb7 12. Bg5 d4 13. Qd2 Qd6 14. Rad1 Nd7 15. g4 Qe6 16. c4 Qxg4 17. h3 Qe6 {0-1 Pahl,R-Janz,F Schleswig Holstein-chB U18 1995 (2)}) 12. h4 Be6 13. Bd2 Qc7 14. Qc1 dxe4 15. dxe4 Kh7 16. b4 (16. Qc2 $1 $11) 16... c4 17. Qc2 Rad8 $36 {[%emt 0:09:50][%mdl 2048] White is under pressure.} 18. Ne3 Rd3 19. Bf1 {[%emt 0:00:51] [#]} ({White should try} 19. Nd1 $15) 19... Rfd8 $1 $19 20. Nd5 (20. Bxd3 cxd3 21. Qd1 Nxe4) (20. b5 Nxe4) 20... Nxd5 (20... Bxd5 21. exd5 Rxf3 22. dxc6) 21. exd5 Bxd5 (21... Rxf3 22. dxe6 f5 23. b5 $14 (23. Bxc4 e4 $17)) (21... R8xd5 $19 22. Bxd3 Rxd3) 22. Bxd3 $17 cxd3 (22... Bxf3 23. Be4 (23. Bxc4 Qd7 $17) 23... Bxe4 24. Rxe4 $15) 23. Qxd3 Bxf3 {[%emt 0:00:28][%mdl 64] Remove Defender, Deflection} 24. Qxf3 {[%emt 0:00:14] Hoping for Rad1.} Rxd2 25. Red1 e4 26. Qxe4 Rd7 {[%emt 0:02:06] Black is much more active.} (26... Bxc3 27. Rxd2 Bxd2 28. a3 $15) (26... Rb2 $142 27. Qc4 Rc2) 27. Rxd7 Qxd7 28. h5 Ne5 (28... Bxc3 $2 29. hxg6+ Kg7 30. Rc1 $18) 29. hxg6+ fxg6 30. Re1 Qd2 31. Re2 Qxc3 {[%emt 0:00:15] aiming for ...Nf3+.} 32. Kg2 {[%emt 0:01:04] Repels Nf3} Qc8 33. Qd5 Qc7 34. b5 Qc3 (34... h5 $15 {should be considered.}) 35. Qe4 $1 $11 Qc5 36. a4 Qc8 37. Qd5 Qc7 38. Qe4 {[%emt 0:00:21] Inhibits Ng4.} (38. f4 $11 Ng4 39. f5) 38... Qd7 (38... h5 $1 $15) 39. Re3 (39. f4 $11 {keeps the balance.} Nf7 40. Qe6) 39... h5 $17 40. Re2 Qf7 (40... Bf6 $17 41. Qf4 Qd5+ 42. Qe4 Qd1 43. Qb7+ Kh6) 41. Re3 (41. f4 $11 {remains equal.} Ng4 42. Qe6) 41... Bf6 42. Re2 Qd7 (42... Nd7 {simplifies} 43. Qe8 Kg7 44. Qxf7+ Kxf7 45. f4 Nc5) 43. Qf4 Qb7+ 44. Qe4 $1 Qd7 45. Qf4 $1 Qd6 (45... Qe7 $17 46. Qe4 Qd7) 46. Rd2 $1 $11 Qe7 {[%emt 0:01:17] ...Bg5 is the strong threat.} 47. Qe4 Qc7 48. f4 $1 Ng4 {[%emt 0:00:23] White must now prevent ...Qc5.} 49. Qc6 Qb8 {[%emt 0:00:30] And now ...Qg8 would win.} 50. Rd7+ Bg7 {[%emt 0:00:26] ...Qg8 would be deadly.} 51. Qc7 $2 (51. Qe6 $11) 51... Qg8 $19 {[%emt 0:00:33] Threatens to win with ...Qa2+.} 52. Rf7 $2 (52. Kh1) 52... Nh6 53. Rd7 Qa2+ 54. Kh3 Nf5 55. Qxa7 Qf2 56. Rxg7+ Nxg7 57. a5 {[%emt 0:00:45] [#]} h4 $1 58. gxh4 Qf3+ (58... Qxf4 $2 59. axb6 Qf5+ 60. Kg3 $17) 59. Kh2 Qxf4+ 60. Kg2 Kh6 $2 ({Inferior is} 60... Qxh4 61. Qxb6 Qe4+ 62. Kf2 $17) ({Better is} 60... Qg4+ $19 61. Kf1 Qc4+ 62. Kf2 bxa5 63. Qxa5 Qc5+ 64. Ke1 Nf5) 61. Qxb6 $15 {[%emt 0:01:03] [#]} Nf5 ({Of course not} 61... Qxh4 $6 62. Qe3+ g5 63. a6 $11) ({Black should play} 61... Qg4+ $1 $17 62. Kf2 Qxh4+ 63. Ke3 Nf5+ 64. Kd3 Qg3+ 65. Kc4 Qf4+ 66. Kb3 Qf3+ 67. Kb4 Qf4+ 68. Kc5 Qe5+ 69. Kb4 Qf4+ 70. Kc5 Qe3+ 71. Kc6 Qe4+ 72. Kc5 Qe5+ 73. Kb4 Qf4+) 62. Qc6 $2 {[%emt 0:03:10][%mdl 8192] Loses the game.} (62. Qf2 $15 Ne3+ 63. Kg1) 62... Nxh4+ {[%emt 0:02:45] Black is clearly winning.} ({Worse is} 62... Qxh4 63. Qc1+ Kg7 64. Qc7+ Kf8 65. a6 $15) 63. Kg1 Nf3+ 64. Kg2 Nd4 65. Qd5 Qd2+ 66. Kf1 Qe2+ 67. Kg1 Nf3+ {[%emt 0:00:01] Weighted Error Value: White=0.53/Black=0.40} 0-1

[Event "1st FIDE Olympiad DIS 2023"]
[Site "Belgrade"]
[Date "2023.02.03"]
[Round "5.18"]
[White "Deniz, Ugur"]
[Black "Glazar, Domagoj"]
[Result "0-1"]
[ECO "C47"]
[WhiteElo "1946"]
[BlackElo "2119"]
[Annotator "TA"]
[PlyCount "82"]
[EventDate "2023.01.30"]
[EventType "team-tourn"]
[EventCountry "SRB"]
[SourceTitle "playchess.com"]
[Source "ChessBase"]
[SourceQuality "1"]
[WhiteTeam "Turkey"]
[BlackTeam "Croatia"]
[WhiteTeamCountry "TUR"]
[BlackTeamCountry "CRO"]
[TimeControl "40/5400+30:1800+30"]

1. e4 Nf6 2. Nc3 e5 3. Nf3 Nc6 4. d4 exd4 5. Nxd4 Bb4 6. Nxc6 bxc6 7. Bd3 d5 8. exd5 O-O 9. O-O cxd5 10. h3 {[%emt 0:00:18] Dodges Bg4. C47: Scotch Four Knights and Four Knights with 4 g3.} c6 11. Qf3 Be6 12. Bf4 {[%emt 0:01:29] The position is equal.} Bd6 13. Ne2 c5 14. Ng3 Rb8 15. b3 Qc7 16. Bxd6 Qxd6 17. Rad1 {[%emt 0:01:14] [#]} Qb6 $146 ({Predecessor:} 17... Nd7 18. Rfe1 g6 19. Qe3 Rfd8 20. Qh6 Qf8 21. Qg5 c4 22. Be2 a5 23. Bf3 Nb6 {1-0 Tiarks,J (2180)-Biletskiy,D (1956) Titled Tuesday intern op 29th Mar Early blitz 2022 (6)}) 18. Bf5 g6 19. Bd3 Kg7 20. Rfe1 a5 21. Qf4 Rfe8 22. Bf1 Qb4 23. Qxb4 (23. Qc1 $11) 23... axb4 $17 24. Ne2 g5 {[%emt 0:10:54] Dodges Nf4} (24... Ra8 $17 25. Ra1 Bd7) 25. Nc1 (25. c3 $11 {remains equal.}) 25... Ne4 26. Nd3 Rec8 27. Ra1 Ra8 28. Nc1 (28. g3 $15) 28... Nc3 {[%emt 0:01:19] Black has more active pieces. The white rooks are badly placed.} 29. Bd3 Ra3 30. Ne2 (30. Be2 $17 {keeps fighting.}) 30... Nxe2+ ({Not} 30... Rxa2 31. Rxa2 Nxa2 32. Ra1 $17) 31. Bxe2 Rca8 32. Bf3 Rxa2 33. Rad1 (33. Rac1 $142) 33... Rd8 34. Re5 $2 {[%emt 0:00:12] [#]} (34. Rc1) 34... h6 35. Rd2 $2 (35. Re2) 35... Kf6 36. Ree2 d4 {[%emt 0:01:04][%cal Od4d3] ...d3! would be deadly. Black is clearly winning.} 37. g4 {[%emt 0:00:14] [#]} (37. Be4 $142 Rc8 38. Bd3) 37... d3 $1 $19 {[%emt 0:03:27][%mdl 576] Deflection} 38. Rxd3 (38. cxd3 Rxd2) 38... Rxd3 39. cxd3 Rxe2 40. Bxe2 Bxb3 {[%emt 0:00:15] Threatens to win with ...Bc2.} 41. Kf1 Ba2 {[%emt 0:32:14] Weighted Error Value: White=0.66/Black=0.17 (very precise)} 0-1

[Event "1st FIDE Olympiad DIS 2023"]
[Site "Belgrade"]
[Date "2023.02.03"]
[Round "5.19"]
[White "Nestorovic, Vladimir"]
[Black "Donmez, Unal"]
[Result "1-0"]
[ECO "D02"]
[WhiteElo "2171"]
[BlackElo "1816"]
[Annotator "TA"]
[PlyCount "95"]
[EventDate "2023.01.30"]
[EventType "team-tourn"]
[EventCountry "SRB"]
[SourceTitle "playchess.com"]
[Source "ChessBase"]
[SourceQuality "1"]
[WhiteTeam "Croatia"]
[BlackTeam "Turkey"]
[WhiteTeamCountry "CRO"]
[BlackTeamCountry "TUR"]
[TimeControl "40/5400+30:1800+30"]

1. d4 d5 2. Nf3 Nf6 3. g3 c6 4. Bg2 Bf5 5. O-O e6 6. b3 Bd6 7. Bb2 {[%emt 0:00:12] D02: 1 d4 d5 2 Nf3 sidelines, including 2...Nf6 3 g3 and 2...Nf6 3 Bf4.} Qe7 8. c4 {[%emt 0:00:48] [#]} h5 $146 ({Predecessor:} 8... Nbd7 9. Nbd2 h5 10. Re1 Ne4 11. a3 h4 12. Nf1 hxg3 13. fxg3 Bh3 14. e3 Bxg2 15. Kxg2 {½-½ Collier,D (2114)-Archer Lock,A (1959) Paignton op 2012 (2)}) 9. h4 {[%emt 0:03:04] The position is equal.} Nbd7 10. Nc3 Ng4 11. Re1 Ndf6 12. Nd2 $2 {[%emt 0:01:00][%mdl 8192] [#] Inhibits Ne4.} (12. e3 $11 {and White stays safe.}) 12... Bxg3 $2 13. fxg3 $16 Ne3 14. Qc1 {[%emt 0:00:15][%cal Od2e4] Strongly threatening Nde4!} Qc7 15. Nf1 Nxf1 (15... Nc2 $142 16. e4 Nxe1) 16. Rxf1 $18 {[%emt 0:00:14] Black must now prevent cxd5.} (16. Kxf1 Qxg3 17. e4 Ng4 $17) 16... Qxg3 17. Qf4 Qg6 (17... Qxf4 18. Rxf4 Rd8) 18. Qg5 (18. Ba3 $142 {Qd6 would be deadly.} O-O-O 19. Kh1) 18... Qh7 $2 (18... Nh7 19. Qxg6 Bxg6) 19. cxd5 cxd5 {[%emt 0:00:51] [#]} (19... Nxd5 $142 20. e4 f6) 20. Rxf5 $2 Qxf5 21. Qxf5 (21. Qxg7 $2 Rg8 22. Nb5 (22. e4 $2 Qf4 $19) 22... Rxg7 $19) 21... exf5 22. Nxd5 Nxd5 23. Bxd5 Rc8 24. Rc1 ({Don't do} 24. Bxb7 Rc7 $18) 24... Rxc1+ 25. Bxc1 b6 26. Bc6+ Kd8 27. d5 Ke7 28. Ba3+ Kd8 29. d6 Rh6 30. Kf2 f6 $2 (30... Rg6 31. Bf3 f6) 31. e4 (31. Bc1 $142 Rh8 32. Kf3) 31... fxe4 (31... Rg6 $142) 32. Bxe4 {[%emt 0:00:12] And now Bd3 would win.} g5 $2 (32... f5) 33. Bf5 gxh4 34. Bb2 Ke8 35. Kg2 Kf7 36. Kh3 Rh8 37. Kxh4 Rd8 38. Ba3 ({Not} 38. Kxh5 Rxd6 39. a4 Rd1 $16) (38. d7 $142 Rg8 39. Ba3) 38... Rg8 39. d7 (39. Kxh5 $2 {too greedy.} Rg5+ 40. Kh4 Rxf5 $19) 39... Rh8 40. Bd6 b5 41. a3 {[%emt 0:32:43] White mates.} a5 42. Bc7 Ke7 43. Bxa5 Ra8 44. Bc7 Rh8 45. b4 Ra8 46. d8=Q+ Rxd8 47. Bxd8+ Kxd8 48. Bd3 {[%emt 0:00:05] Weighted Error Value: White=0.60/Black=0.67} 1-0

[Event "1st FIDE Olympiad DIS 2023"]
[Site "Belgrade"]
[Date "2023.02.03"]
[Round "5.19"]
[White "Morales Santos, Natasha"]
[Black "Sarkar, Bappi"]
[Result "0-1"]
[ECO "D35"]
[WhiteElo "1893"]
[BlackElo "1778"]
[Annotator "NA COMBH"]
[PlyCount "76"]
[EventDate "2023.01.30"]
[EventType "team-tourn"]
[EventCountry "SRB"]
[SourceTitle "playchess.com"]
[Source "ChessBase"]
[SourceQuality "1"]
[WhiteTeam "FIDE"]
[BlackTeam "Bangladesh"]
[WhiteTeamCountry "PUR"]
[BlackTeamCountry "BAN"]
[TimeControl "40/5400+30:1800+30"]

1. d4 d5 2. c4 e6 3. Nc3 Nf6 4. cxd5 exd5 5. Bg5 Be7 6. e3 Bf5 {[%emt 0:04:11] [#]} 7. Qb3 (7. Bxf6 $1 $16 Bxf6 8. Qb3) 7... c6 (7... Nbd7 $11) 8. Qxb7 Qb6 9. Qxb6 $1 (9. Qxa8 $2 {perishes.} Qxb2 10. f3 O-O $19) 9... axb6 10. Rc1 h6 11. Bxf6 Bxf6 12. Nf3 O-O 13. Be2 Be6 14. a4 c5 15. Bb5 Na6 16. O-O Nb4 17. b3 Rfc8 18. h3 Rc7 19. Ne2 Rac8 20. Rfd1 c4 21. bxc4 dxc4 22. Nc3 Bd7 23. Rb1 $18 Be7 24. e4 Bxb5 25. axb5 f6 26. e5 fxe5 27. Nxe5 Bd6 28. f4 Nc2 29. Kh1 Ra7 30. Nd5 c3 31. Nxb6 Rb8 32. Nbc4 Na3 33. Rb3 Nxc4 34. Nxc4 Bxf4 35. Rxc3 Rxb5 36. Rcd3 Ra2 37. d5 Rb4 38. Ne3 Kh8 0-1

[Event "1st FIDE Olympiad DIS 2023"]
[Site "Belgrade"]
[Date "2023.02.03"]
[Round "5.20"]
[White "Sarkar, Ali Newaz"]
[Black "Rosikhin, Igor"]
[Result "0-1"]
[ECO "B30"]
[WhiteElo "1809"]
[BlackElo "1856"]
[Annotator "NA COMBH"]
[PlyCount "90"]
[EventDate "2023.01.30"]
[EventType "team-tourn"]
[EventCountry "SRB"]
[SourceTitle "playchess.com"]
[Source "ChessBase"]
[SourceQuality "1"]
[WhiteTeam "Bangladesh"]
[BlackTeam "FIDE"]
[WhiteTeamCountry "BAN"]
[BlackTeamCountry "BLR"]
[TimeControl "40/5400+30:1800+30"]

1. e4 c5 2. Nf3 Nc6 3. a3 g6 4. Bc4 Bg7 5. Nc3 e6 6. d3 Nge7 7. Bf4 d5 8. Bb3 O-O 9. O-O h6 10. Qd2 (10. Re1 $11 {might be stronger.}) 10... Kh7 11. Rab1 (11. Qe2 $1 $15) 11... d4 12. Ne2 g5 (12... e5 $15 13. Bg3 f5 14. exf5 gxf5) 13. Bg3 (13. Bxg5 $1 $11 {keeps the balance.} hxg5 14. Qxg5) 13... Ng6 14. h3 {[%emt 0:00:38] [#]} f5 $1 15. exf5 exf5 16. Kh1 f4 17. Bh2 h5 18. Nfg1 Bh6 19. f3 g4 20. Qe1 g3 21. Nxg3 $19 fxg3 22. Bxg3 h4 23. Bh2 Nf4 24. Qf2 Ne5 25. Rbe1 Neg6 26. Ne2 Nxd3 27. Qg1 Nxe1 28. Rxe1 Bf5 29. Nc1 b5 30. Be6 Be3 31. Rxe3 dxe3 32. Bxf5 Rxf5 33. Qxe3 Qe8 34. Qd3 Rf7 35. Qd5 Rd8 36. Qh5+ Kg7 37. Nd3 Rxd3 38. cxd3 Qe1+ 39. Bg1 Qe5 40. Qg4 Qf5 41. Bxc5 Qxc5 42. Qe4 Re7 43. d4 Qc1+ 44. Kh2 Rxe4 45. fxe4 Nf4 0-1

[Event "1st FIDE Olympiad DIS 2023"]
[Site "Belgrade"]
[Date "2023.02.03"]
[Round "5.20"]
[White "Saltik, Suleyman"]
[Black "Cajzler, Hinko"]
[Result "0-1"]
[ECO "C10"]
[WhiteElo "1687"]
[BlackElo "2060"]
[Annotator "TA"]
[PlyCount "135"]
[EventDate "2023.01.30"]
[EventType "team-tourn"]
[EventCountry "SRB"]
[SourceTitle "playchess.com"]
[Source "ChessBase"]
[SourceQuality "1"]
[WhiteTeam "Turkey"]
[BlackTeam "Croatia"]
[WhiteTeamCountry "TUR"]
[BlackTeamCountry "CRO"]
[TimeControl "40/5400+30:1800+30"]

1. e4 e6 2. d4 d5 3. Nd2 dxe4 4. Nxe4 Nd7 5. Bd3 Ngf6 6. Nxf6+ Nxf6 7. Nf3 Be7 8. O-O O-O 9. Bf4 {[%emt 0:03:03] C10: French with 3 Nc3: Unusual Black 3rd moves and 3...dxe4.} b6 10. a4 Bb7 11. a5 {[%emt 0:04:08] [#] The position is equal.} a6 $146 ({Black should try} 11... bxa5 $11 12. Rxa5 c5) ({Predecessor:} 11... Bxf3 12. Qxf3 Qxd4 13. Bxc7 Rac8 14. axb6 axb6 15. Bg3 Qxb2 16. Rfb1 Qd4 {½-½ Sebt Rasoul,S (2012)-Sultanbek,Z (1846) Wch FIDE Online U16 Girls Asia qual rapid 2020 (6)}) 12. Qe2 b5 13. Rfd1 Qc8 14. h4 c5 15. c4 bxc4 16. Bxc4 Bd5 17. Bg5 (17. Rac1 $11) 17... Bxc4 $1 $15 18. Qxc4 cxd4 $1 19. Rxd4 h6 20. Bd2 Bc5 21. Rf4 Nd5 22. Rc1 $1 Bd6 ({Much less strong is} 22... Nxf4 23. Qxf4 Bxf2+ 24. Kxf2 $14) (22... Be7 $5 23. Rg4 Qxc4 24. Rcxc4 h5 $15) 23. Qxc8 Rfxc8 24. Rfc4 Rcb8 25. Rc6 (25. R1c2 $11) 25... Bf4 (25... Be7 $15) 26. Bxf4 $11 Nxf4 27. Rd1 (27. R1c4 $11 {keeps the balance.} Nd5 28. Ne5) 27... Nd5 (27... Rxb2 $5 28. Ne5 Rb5 $17) 28. Rdc1 g6 (28... Kf8 $15) 29. Ne5 Rxb2 30. Rc8+ $1 Rxc8 31. Rxc8+ {[%emt 0:00:01][%mdl 4096] Endgame KRN-KRN} Kg7 32. Rc6 (32. Ra8 $1 $11 {remains equal.}) 32... Rb5 $17 33. Nc4 Rb1+ 34. Kh2 Rc1 35. Kg3 (35. Ne5 $17 Rxc6 36. Nxc6) 35... Rc3+ $19 36. f3 Rc2 37. Ne5 {[%emt 0:00:21] [#]} Rxc6 (37... Re2 $1 $17 38. Nc4 g5 39. hxg5 hxg5) 38. Nxc6 $17 {[%emt 0:00:02] KN-KN} Kf8 39. Nb8 (39. f4 $15) 39... Nb4 40. Kf4 $2 (40. Nd7+ $17 Kg7 41. h5) 40... Ke7 $19 41. Ke5 f6+ 42. Kd4 Kd6 {[%emt 0:00:16] ...Nc6+ would be deadly.} 43. Kc4 Nc6 $2 (43... Kc7 44. Kxb4 Kxb8) 44. Nxa6 Nxa5+ 45. Kd4 (45. Kd3 $17) 45... e5+ 46. Kc3 (46. Ke3 $142) 46... f5 (46... Nc6 $19 {And now ...Nd4 would win.} 47. Kd3 Nd4) 47. Nb4 $2 {[%emt 0:00:44][%mdl 8192] This costs White the game.} (47. g3 $17) 47... Nc6 {[%emt 0:00:54] ...Nxb4 is the strong threat.} 48. Nc2 f4 49. Kc4 $2 (49. Kd3) 49... Ne7 50. Kd3 Nf5 51. h5 gxh5 {[%emt 0:00:16][%cal Bg6h5,Bh5h4,Bh4h3][%mdl 32] Strongly threatening ...h4.} 52. Ke4 Nh4 (52... Ke6 $142 53. Na1 Ne3) 53. Ne1 Ke6 54. Nd3 Nxg2 {[%emt 0:00:16] Hoping for ...h4.} 55. Nxe5 h4 {[%emt 0:00:20] Black mates.} 56. Ng4 h3 57. Nh2 h5 58. Nf1 Kf6 59. Kd3 Kg5 60. Ke2 {[%emt 0:00:55] [#]} Ne3 $1 61. Nh2 Kh4 62. Kf2 Nd1+ 63. Kg1 Kg3 64. Kh1 Kf2 65. Ng4+ hxg4 66. fxg4 Kg3 67. g5 Nf2+ 68. Kg1 {[%emt 0:03:04] Weighted Error Value: White=0.83/Black=0.38} 0-1

[Event "1st FIDE Olympiad DIS 2023"]
[Site "Belgrade"]
[Date "2023.02.03"]
[Round "5.21"]
[White "Sofran, Radu-Pompiliu"]
[Black "Pavicevic, Jovan R"]
[Result "0-1"]
[ECO "C01"]
[WhiteElo "2149"]
[BlackElo "2214"]
[Annotator "TA"]
[PlyCount "114"]
[EventDate "2023.01.30"]
[EventType "team-tourn"]
[EventCountry "SRB"]
[SourceTitle "playchess.com"]
[Source "ChessBase"]
[SourceQuality "1"]
[WhiteTeam "Romania"]
[BlackTeam "Serbia"]
[WhiteTeamCountry "ROU"]
[BlackTeamCountry "SRB"]
[TimeControl "40/5400+30:1800+30"]

1. e4 e6 2. Nc3 d5 3. exd5 exd5 4. d4 c6 5. Nf3 Bd6 6. Bg5 {[%emt 0:00:35][%cal Bc1g5,Bg5h4,Bh4g3][%mdl 32] C01: French: Exchange Variation.} f6 7. Bh4 Bf5 8. Bd3 {[%emt 0:00:38] The position is equal.} Ne7 9. Bg3 Bxd3 10. Qxd3 Na6 11. a3 Qd7 12. Bxd6 Qxd6 {[%emt 0:00:05] [#]} 13. h3 $146 ({Predecessor:} 13. O-O O-O 14. Rfe1 Rae8 15. Re3 Ng6 16. Rae1 Rxe3 17. Rxe3 Qd7 18. Ne2 Nc7 19. h4 {½-½ Joensen,J (1646)-Mortensen,H (1796) FAI-chT3 1516 2015 (5.1)}) 13... Nc7 14. Qe3 O-O-O 15. O-O-O Nf5 16. Qd3 Qd7 17. Rde1 Nd6 18. Nd2 Rde8 19. Kd1 h6 20. f3 (20. Kc1 $15 {was preferrable.}) 20... Ne6 $17 21. g3 {[%emt 0:00:57] Dodges Nf4} Re7 22. Re2 Rhe8 23. Rhe1 Nf8 (23... g5 $15) 24. Rxe7 $11 Rxe7 25. Rxe7 Qxe7 26. Qe2 Qd7 27. g4 Ng6 28. Qe3 Kd8 29. Ne2 Nf7 30. Nf4 Nxf4 31. Qxf4 {[%emt 0:00:30][%mdl 4096] Endgame KQN-KQN} Nd6 32. Qe3 Qe7 33. Qxe7+ Kxe7 {[%emt 0:00:30] KN-KN} 34. Ke2 Ke6 35. Ke3 Ke7 36. Ke2 Ke6 37. Ke3 b6 38. b3 a5 39. Nf1 Nb5 40. a4 Nd6 41. Nd2 h5 42. Nf1 h4 43. Nd2 g6 44. Kf4 $2 {[%emt 0:00:48] [#]} (44. f4 $11) 44... Nf7 $1 $17 {[%emt 0:01:00] ...Ng5 is the strong threat.} 45. Ke3 Ng5 46. f4 Nxh3 47. Nf3 $2 (47. c4 {was the only defense.}) 47... g5 $19 48. f5+ {[%emt 0:00:17] [#]} (48. fxg5 fxg5 49. Ne5) 48... Kd6 {[%emt 0:00:30] Hoping for ...c5.} 49. c3 $2 (49. Nh2) 49... b5 50. Nd2 Nf4 51. Nf3 h3 52. Nh2 Kc7 {[%emt 0:00:03][%cal Oc6c5] Strongly threatening ...c5!} 53. Nf3 Kb6 54. Nh2 c5 55. Nf3 c4 56. Kf2 cxb3 57. axb5 b2 {[%emt 0:00:07] Weighted Error Value: White=0.72/Black=0.18 (very precise)} 0-1

[Event "1st FIDE Olympiad DIS 2023"]
[Site "Belgrade"]
[Date "2023.02.03"]
[Round "5.22"]
[White "Tonic, Milos"]
[Black "Bursuc, Mihai"]
[Result "1-0"]
[ECO "E71"]
[WhiteElo "2018"]
[BlackElo "1823"]
[Annotator "TA"]
[PlyCount "57"]
[EventDate "2023.01.30"]
[EventType "team-tourn"]
[EventCountry "SRB"]
[SourceTitle "playchess.com"]
[Source "ChessBase"]
[SourceQuality "1"]
[WhiteTeam "Serbia"]
[BlackTeam "Romania"]
[WhiteTeamCountry "SRB"]
[BlackTeamCountry "ROU"]
[TimeControl "40/5400+30:1800+30"]

1. c4 Nf6 2. Nc3 g6 3. d4 Bg7 4. e4 d6 5. h3 O-O 6. Be3 e5 7. d5 a5 8. g4 {[%emt 0:00:28] E71: King's Indian: 4 e4 d6 5 h3.} Na6 9. Nge2 Bd7 10. Ng3 {[%emt 0:08:59] White is better.} Ne8 11. h4 {[%emt 0:05:29][%cal Bh3h4,Bh4h5][%mdl 32] [#]} Qc8 $146 (11... c6 $16 {was necessary.}) ({Predecessor:} 11... c6 12. Be2 Nac7 13. Qd2 cxd5 14. exd5 f5 15. gxf5 gxf5 16. Bg5 Bf6 17. Nh5 Bxg5 18. hxg5 {1-0 Gordon,S (2544)-Iyengar,I (2025) Harrow Poobalasingam op 1st rapid 2018 (2)}) 12. Be2 Nc5 13. h5 f5 (13... c6 $16 14. f3 a4) 14. gxf5 gxf5 15. exf5 Bxf5 16. Rg1 Kh8 {[%emt 0:00:55] [#]} 17. Qd2 $1 a4 18. O-O-O Bg4 (18... e4 {might work better.} 19. h6 Bf6) 19. Nge4 Nxe4 20. Nxe4 Bxe2 21. Qxe2 Qf5 22. h6 Bf6 (22... Qxe4 $2 23. hxg7+ Nxg7 24. Rxg7 $18) 23. Qg4 $36 {[%emt 0:03:29][%mdl 2048] White is really pushing. White is much more active.} Qxg4 24. Rxg4 Rg8 (24... Rc8 $16 25. Kc2 c6) 25. Rdg1 Rxg4 26. Rxg4 Rd8 (26... c6 $142 27. dxc6 bxc6) 27. Nxf6 $18 {[%emt 0:03:46][%mdl 64] Deflection} Nxf6 28. Rg7 {[%emt 0:00:05] Hoping for Bg5.} Rd7 $2 {[%emt 0:00:21] [#]} (28... Rc8 29. Rf7 Ne4) 29. Bg5 $1 {[%emt 0:00:10] Black got outplayed after the opening.   Weighted Error Value: White=0.12 (very precise) /Black=0.25 (precise)} 1-0

[Event "1st FIDE Olympiad DIS 2023"]
[Site "Belgrade"]
[Date "2023.02.03"]
[Round "5.23"]
[White "Pribeanu, Mihail-Dacian"]
[Black "Zivic, Dragan"]
[Result "1/2-1/2"]
[WhiteElo "2134"]
[BlackElo "2186"]
[Annotator "TA"]
[PlyCount "31"]
[EventDate "2023.01.30"]
[EventType "team-tourn"]
[EventCountry "SRB"]
[SourceTitle "playchess.com"]
[Source "ChessBase"]
[SourceQuality "1"]
[WhiteTeam "Romania"]
[BlackTeam "Serbia"]
[WhiteTeamCountry "ROU"]
[BlackTeamCountry "SRB"]
[TimeControl "40/5400+30:1800+30"]

1. Nf3 c5 2. g3 Nc6 3. Bg2 d6 4. O-O g6 5. e4 Bg7 6. Re1 e5 {[%emt 0:00:51] B50: Sicilian: 2...d6, Miscellaneous.} 7. Nc3 Nge7 8. d3 O-O 9. Nd2 f5 {[%emt 0:01:57] [#] A rather calm draw.   Weighted Error Value: White=0.02 (flawless) /Black=0.00 (flawless)} {Predecessor:} 10. exf5 $146 gxf5 11. Nd5 Nxd5 12. Bxd5+ Kh8 13. Qh5 Bd7 14. Nf3 Qe8 15. Qh4 Qg6 16. Bd2 {0-1 Andrews,T (2244)-Goryachkina,A (2593) Titled Tuesday intern op 16th Feb blitz 2021 (8)} 1/2-1/2